 Dungeon Crawl Stone Soup version 0.27-a0-650-g8dd3ea4f36 (webtiles) character file.

Game seed: 11049091262906782155

257425 spiderkeys the Impaler (level 19, -13/156 (161) HPs)
             Began as a Minotaur Gladiator on Mar 16, 2021.
             Was the Champion of Hepliaklqana.
             Killed from afar by a deep elf death mage (15 damage)
             ... with a bolt of negative energy
             ... on level 3 of the Vaults.
             The game lasted 02:05:45 (56230 turns).

spiderkeys the Impaler (Minotaur Gladiator)        Turns: 56230, Time: 02:05:45

HP:   -13/156 (161) AC: 32    Str: 26    XL:     19   Next: 48%
MP:   35/35         EV: 13    Int: 13    God:    Hepliaklqana [******]
Gold: 3762          SH: 18    Dex: 12    Spells: 18/18 levels left

rFire    + + +     SeeInvis +   a - +4 trident of Wu Jian's Hope {venom, rPois rF+ Will++ Dex-4}
rCold    . . .     Faith    .   l - +0 kite shield {reflect}
rNeg     . . .     Spirit   .   p - +2 plate armour {rF+}
rPois    +         Reflect  +   V - +3 hat of Pondering {ponderous, Will+ MP+10 Int+5}
rElec    +         Harm     .   m - +2 cloak {rF+}
rCorr    +         Rampage  .   x - +0 pair of gloves of Refuge {rF+ SInv}
Will     ++++.                  (no boots)
Stlth    ..........             R - amulet "Etakorphie" {Reflect rElec Int+3 Dex+3 SH+5}
HPRegen  0.36/turn              W - +4 ring of protection
MPRegen  0.24/turn              H - ring of resist corrosion

@: frozen, lightly drained, very slow
A: reduced essence, horns 2, retaliatory headbutt
}: 1/15 runes: gossamer
a: Renounce Religion, Recall Ancestor, Ancestor Identity, Transference, Idealise


You were on level 3 of the Vaults.
You worshipped Hepliaklqana.
Hepliaklqana was exalted by your worship.
You visited 6 branches of the dungeon, and saw 31 of its levels.
You also visited: Ossuary, Bailey, Gauntlet and Volcano.

You collected 4747 gold pieces.
You spent 985 gold pieces at shops.

Inventory:

Hand Weapons
 a - the +4 trident of Wu Jian's Hope (weapon) {venom, rPois rF+ Will++ Dex-4}
   (You found it on level 11 of the Dungeon)

   It poisons the flesh of those it strikes.
   It affects your dexterity (-4).
   It protects you from fire.
   It protects you from poison.
   It affects your willpower, your defense against some magical effects.
 b - the +1 fustibalus of Sharkskin {speed, rN++}
   (You found it on level 12 of the Dungeon)

   Attacks with this weapon are significantly faster.
   It greatly protects you from negative energy.
Missiles
 d - 6 throwing nets
 q - 48 javelins (quivered)
 G - 42 poisoned darts
 S - 249 sling bullets
 T - 2 silver boomerangs
Armour
 l - a +0 kite shield of reflection (worn)
 m - a +2 cloak of fire resistance (worn)
 p - a +2 plate armour of fire resistance (worn)
 x - the +0 pair of gloves of Refuge (worn) {rF+ SInv}
   (You found it in a Gauntlet)

   It protects you from fire.
   It lets you see invisible.
 V - the +3 hat of Pondering (worn) {ponderous, Will+ MP+10 Int+5}
   (You took it off Gastronok on level 1 of the Lair of Beasts)

   It affects your intelligence (+5).
   It affects your willpower, your defense against some magical effects.
   It affects your magic capacity (+10).
Jewellery
 s - a ring of magical power
 H - a ring of resist corrosion (left hand)
 I - a ring of protection from cold
 R - the amulet "Etakorphie" (around neck) {Reflect rElec Int+3 Dex+3 SH+5}
   (You acquired it on level 2 of the Orcish Mines)

   [amulet of reflection]

   It shields you and reflects attacks.
   It affects your intelligence (+3).
   It affects your dexterity (+3).
   It insulates you from electricity.
   It affects your SH (+5).
 W - a +4 ring of protection (right hand)
Wands
 c - a wand of acid (20)
 h - a wand of mindburst (28)
 k - a wand of charming (21)
 B - a wand of polymorph (24)
 C - a wand of random effects (38)
 J - a wand of paralysis (34)
 K - a wand of iceblast (17)
 L - a wand of digging (3)
 Y - a wand of flame (100)
Scrolls
 f - 2 scrolls of holy word
 i - 7 scrolls of enchant armour
 j - 5 scrolls of teleportation
 t - a scroll of fear
 u - 4 scrolls of fog
 y - 7 scrolls of amnesia
 D - 15 scrolls of identify
 E - 3 scrolls of enchant weapon
 M - 2 scrolls of blinking
 N - 3 scrolls of summoning
 P - 2 scrolls of magic mapping
 Q - 2 scrolls of vulnerability
 U - 3 scrolls of immolation
 Z - a scroll of torment {unknown}
Potions
 e - 8 potions of might
 g - 5 potions of invisibility
 n - 3 potions of haste
 o - 6 potions of flight
 r - 4 potions of curing
 v - 5 potions of brilliance
 w - a potion of ambrosia
 z - 6 potions of mutation
 A - 5 potions of resistance
 F - 2 potions of lignification
 O - 2 potions of magic
 X - 2 potions of cancellation


   Skills:
 + Level 18.0 Fighting
 - Level 20.0 Polearms
 - Level 7.1(8.0) Slings
 - Level 5.0(6.5) Throwing
 + Level 17.9 Armour
 + Level 16.7 Dodging
 + Level 12.6 Shields
 - Level 10.0 Invocations


You had 18 spell levels left.
You didn't know any spells.
Your spell library contained the following spells:

 Spells                   Type           Power      Damage    Failure   Level
 Animate Skeleton         Necr           0%         N/A       94%         1
 Corona                   Hex            0%         N/A       94%         1
 Foxfire                  Conj/Fire      0%         2x1d4     94%         1
 Magic Dart               Conj           0%         1d3       94%         1
 Pain                     Necr           0%         1d4       94%         1
 Sting                    Tmut/Pois      0%         1d3       94%         1
 Summon Small Mammal      Summ           0%         N/A       94%         1
 Blink                    Tloc           N/A        N/A       98%         2
 Call Imp                 Summ           0%         N/A       98%         2
 Ensorcelled Hibernation  Hex/Ice        0%         N/A       98%         2
 Poisonous Vapours        Pois/Air       0%         N/A       98%         2
 Slow                     Hex            0%         N/A       98%         2
 Wereblood                Tmut           0%         N/A       98%         2
 Call Canine Familiar     Summ           0%         N/A       100%        3
 Confusing Touch          Hex            0%         N/A       100%        3
 Conjure Flame            Conj/Fire      0%         6-21      100%        3
 Dazzling Flash           Conj/Hex       0%         N/A       100%        3
 Gell's Gravitas          Tloc           0%         N/A       100%        3
 Ignite Poison            Fire/Tmut/Pois 0%         N/A       100%        3
 Inner Flame              Hex/Fire       0%         N/A       100%        3
 Lesser Beckoning         Tloc           0%         N/A       100%        3
 Mephitic Cloud           Conj/Pois/Air  0%         N/A       100%        3
 Portal Projectile        Hex/Tloc       0%         N/A       100%        3
 Static Discharge         Conj/Air       0%         N/A       100%        3
 Summon Guardian Golem    Hex/Summ       0%         N/A       100%        3
 Tukima's Dance           Hex            0%         N/A       100%        3
 Vampiric Draining        Necr           0%         2d6       100%        3
 Animate Dead             Necr           0%         N/A       100%        4
 Cause Fear               Hex            0%         N/A       100%        4
 Hailstorm                Conj/Ice       0%         3d3       100%        4
 Manifold Assault         Tloc           0%         N/A       100%        4
 Olgreb's Toxic Radiance  Pois           0%         N/A       100%        4
 Passage of Golubria      Tloc           N/A        N/A       100%        4
 Petrify                  Tmut/Erth      0%         N/A       100%        4
 Sticky Flame             Conj/Fire      0%         2d3       100%        4
 Summon Ice Beast         Ice/Summ       0%         N/A       100%        4
 Summon Lightning Spire   Summ/Air       0%         N/A       100%        4
 Agony                    Necr           0%         N/A       100%        5
 Fireball                 Conj/Fire      0%         3d3       100%        5
 Irradiate                Conj/Tmut      0%         3d14      100%        5
 Lightning Bolt           Conj/Air       0%         1d11      100%        5
 Metabolic Englaciation   Hex/Ice        0%         N/A       100%        5
 Summon Forest            Summ/Tloc      0%         N/A       100%        5
 Yara's Violent Unravell  Hex/Tmut       0%         3d3       100%        5
 Dispersal                Tloc           0%         N/A       100%        6
 Eringya's Noxious Bog    Tmut/Pois      0%         N/A       100%        6
 Hydra Form               Tmut           0%         N/A       100%        6
 Statue Form              Tmut/Erth      0%         N/A       100%        6
 Dragon Form              Tmut           0%         N/A       100%        7
 Disjunction              Tloc           0%         N/A       100%        8
 Ignition                 Fire           0%         3d3       100%        8
 Shatter                  Erth           0%         3d5*      100%        9
 Tornado                  Air            0%         N/A       100%        9


Dungeon Overview and Level Annotations

Branches:
Dungeon (15/15)            Temple (0/1) D:5            Lair (6/6) D:10
  Swamp (1/4) Lair:3       Spider (4/4) Lair:4        Slime (0/5) Lair:6
    Orc (2/2) D:9             Elf (0/3) Orc:2        Vaults (3/5) D:14
  Crypt (0/3) Vaults:2     Depths (0/5) D:15        Ossuary (visited)
 Bailey (visited)         Volcano (visited)         Gauntlet (visited)

Altars:
Elyvilon
Fedhas
Gozag
Hepliaklqana
Kikubaaqudgha
Makhleb
Okawaru
Qazlal
Ru
Sif Muna
Trog
Vehumet
Xom
Yredelemnul
Zin
Beogh
Jiyva

Shops:
D:6 ?   Orc:2 ::(?

Portals:
Trove: D:13 (give 13 potions of heal wounds)

Annotations:
Vaults:1 Mennas


Innate Abilities, Weirdness & Mutations

Your life essence is reduced to manifest your ancestor. (-10% HP)
You have a pair of horns on your head.
You reflexively headbutt those who attack you in melee.


Message History

Reach: a) +4 trident of Wu Jian's Hope {venom, rPois rF+ Will++ Dex-4}
Press: ? - help, Dir - move target, f/p - vault guard
Aim: a vault guard, wielding a +3 bardiche and wearing a +0 chain mail (severely wounded, very poisoned, ally target, about 27% to evade the +4 trident of Wu Jian's Hope)
You reach to attack!
You puncture the vault guard!
The vault guard looks as sick as possible!
The vault guard is almost dead.
The ironbound frostheart calls freezing cold from the walls.
The frost grips you!!
* * * LOW HITPOINT WARNING * * *
You are encased in ice.
The frost grips Justiblander!
Justiblander partially resists.
The vault guard closely misses you.
Justiblander barely misses the vault guard.
Justiblander hits the vault guard with a +0 broad axe of flaming!
Justiblander burns the vault guard.
The vault guard dies!
The ironbound frostheart calls freezing cold from the walls.
The frost grips you but does no damage.
The frost grips Justiblander.
Justiblander hits the deep elf death mage with a +0 broad axe of flaming!
Justiblander burns the deep elf death mage.
You feel better.
Justiblander completely misses the deep elf death mage.
The ice encasing you melts away.
Justiblander hits the deep elf death mage with a +0 broad axe of flaming!
Justiblander burns the deep elf death mage.
The deep elf death mage hits Justiblander but does no damage.
Justiblander closely misses the deep elf death mage.
A yaktaur comes into view.
The ironbound frostheart calls freezing cold from the walls.
The frost grips you!!
* * * LOW HITPOINT WARNING * * *
You are encased in ice.
The frost grips Justiblander!!
Justiblander partially resists.
The deep elf death mage points at you and mumbles some strange words.
The bolt of negative energy hits Justiblander.
Justiblander completely resists.
The bolt of negative energy hits you!
You feel drained.
You die...

### #........# ..#
########## ### #
########### ###
..........# ..#
#........### ## ###
......^....# ..#
########........###c.#
.....#..........@Re9c#
.....###........###pc#
..>..+..).........#
...#
.....#............#
.##
.....###........### ..
.....'.)..........# ..
########........### #
#............#
###........###


You could see the friendly Justiblander the knight (fast), a yaktaur captain, a
deep elf death mage (ally target), an ironbound frostheart, a centaur warrior, a
war gargoyle and a yaktaur.

Vanquished Creatures
  Arachne (Spider:4)
  A tentacled monstrosity (Vaults:1)
  Rupert (Lair:5)
  Asterion (Spider:1)
  Gastronok (Lair:1)
  Kirke (D:14)
  Donald (Spider:3)
  Roxanne (D:14)
  Aizul (Vaults:2)
  An orc warlord (Vaults:2)
  5 vault wardens
  5 emperor scorpions
  A juggernaut zombie (D:15)
  9 ironbound preservers
  A war gargoyle (Vaults:2)
  A minotaur (Gauntlet)
  A dire elephant (Vaults:1)
  An entropy weaver (Spider:4)
  Snorg (Orc:1)
  A crystal guardian (Vaults:2)
  A deep elf death mage (Vaults:2)
  12 vault guards
  8 yaktaur captains
  Josephine (D:14)
  An ironbound thunderhulk (Vaults:2)
  6 hydras
  A peacekeeper (Vaults:2)
  Harold (D:7)
  A boulder beetle (Vaults:2)
  An ogre mage (Orc:2)
  An ironbound frostheart (Vaults:2)
  3 centaur warriors
  A catoblepas (Lair:3)
  A death scarab (Gauntlet)
  12 two-headed ogres
  11 death yaks
  An orc high priest (Orc:2)
  2 ironbound beastmasters (Vaults:1)
  Nergalle (Lair:1)
  3 skeletal warriors
  A fire crab (Gauntlet)
  23 deep trolls
  A golden dragon zombie (D:15)
  3 lindwurms
  3 wizards
  7 orc knights
  An anaconda skeleton (Volcano)
  7 ironbound convokers
  A necromancer (D:15)
  17 orb spiders
  A deep elf pyromancer (D:14)
  7 ugly things
  3 manticores
  2 orc sorcerers
  3 cyclopes
  A moth of wrath (Spider:4)
  16 wolf spiders
  8 elephants
  3 black mambas
  Joseph (D:9)
  10 cane toads
  5 gargoyles
  4 vault sentinels
  12 demonic crawlers
  A yaktaur zombie (Vaults:3)
  A human zombie (Vaults:3)
  21 yaktaurs
  A freezing wraith (Vaults:2)
  2 rime drakes
  4 komodo dragons
  8 trolls
  3 polar bears
  28 jumping spiders
  Grinder (D:4)
  17 slime creatures
  Prince Ribbit (D:5)
  3 harpy skeletons (Volcano)
  18 hornets
  13 blink frogs
  2 ice dragon zombies (D:15)
  A dream sheep (Lair:6)
  33 redbacks
  6 shadows
  A water elemental (D:12)
  An ettin skeleton (Vaults:3)
  32 tarantellas
  2 alligator skeletons (Volcano)
  A flying skull (Volcano)
  11 spriggans
  5 wraiths
  9 wyverns
  4 hogs (D:14)
  4 basilisks
  2 fire bats (Gauntlet)
  32 yaks
  A steam dragon (D:13)
  2 vampire mosquitoes (D:15)
  2 wargs
  13 water moccasins
  A spectral cane toad (Gauntlet)
  A knight (Vaults:1)
  5 black bears
  A sky beast (D:15)
  4 ice beasts
  2 necrophages (D:6)
  18 ogres
  19 orc warriors
  31 wolves
  3 boggarts
  6 centaurs
  A kobold brigand (D:12)
  Blork the orc (D:4)
  13 bullfrogs
  A gnoll sergeant (D:9)
  2 wyvern skeletons
  3 scorpions
  9 wights
  14 killer bees
  2 troll skeletons (Volcano)
  3 electric eels
  A howler monkey (D:6)
  4 centaur zombies
  A bullfrog zombie (D:11)
  7 hounds
  4 jellies
  17 orc priests
  A quasit (D:11)
  3 centaur skeletons
  2 iguanas
  Jessica (D:2)
  11 orc wizards
  Terence (D:3)
  10 worker ants
  3 naga skeletons (Volcano)
  2 hound skeletons
  10 mummies
  8 gnolls
  A worker ant zombie (D:10)
  7 adders
  A shadow imp (D:2)
  A white imp (D:6)
  3 ufetubi
  An ooze (D:2)
  An adder skeleton (D:4)
  3 worms
  5 leopard geckos
  73 orcs
  A ball python (D:7)
  6 giant cockroaches
  8 goblins
  4 hobgoblins
  6 jackals
  15 kobolds
  3 quokkas
  10 bats
  3 frilled lizards
  A gnoll skeleton (Ossuary)
  A goblin skeleton (Ossuary)
  A goblin zombie (D:4)
  A hobgoblin zombie (D:4)
  A jackal skeleton (D:7)
  4 kobold skeletons (Ossuary)
  An orc skeleton (Ossuary)
  A quokka skeleton (D:4)
  6 rats
  7 rat skeletons (Ossuary)
933 creatures vanquished.

Vanquished Creatures (collateral kills)
  Agnes (Spider:3)
  5 vault wardens
  3 ghost moths (Spider:4)
  2 emperor scorpions
  2 ironbound preservers
  Nessos (Lair:6)
  A dire elephant (Vaults:1)
  4 entropy weavers
  A spark wasp (Spider:4)
  2 yaktaur captains
  5 vault guards
  4 hydras
  Erica (D:10)
  3 ogre magi
  A death knight (Vaults:2)
  2 ironbound frosthearts
  A death yak (Lair:5)
  A death scarab (Gauntlet)
  3 two-headed ogres
  A vampire mage (D:15)
  An ironbound beastmaster (Vaults:2)
  A storm dragon zombie (Vaults:3)
  A spectral death yak (Gauntlet)
  2 skeletal warriors (Volcano)
  An unseen horror (D:10)
  8 deep trolls
  A wizard (Vaults:2)
  A necromancer (Vaults:3)
  4 ironbound convokers
  6 orb spiders
  6 ugly things
  3 lindwurms
  2 oklob plants
  An orc knight (Vaults:2)
  10 wolf spiders
  4 elephants
  2 black mambas
  4 vault sentinels
  2 gargoyles (Volcano)
  A rime drake (Lair:1)
  4 komodo dragons
  6 yaktaurs
  A jumping spider (shapeshifter) (D:14)
  2 polar bears
  A troll (Vaults:1)
  5 demonic crawlers
  6 jumping spiders
  5 hornets
  3 blink frogs
  9 slime creatures
  5 dream sheep (Lair:6)
  A flying skull (Volcano)
  6 spriggans
  A water elemental (D:12)
  24 redbacks
  13 tarantellas
  A fire bat (Gauntlet)
  2 wyverns
  17 yaks
  A basilisk (Lair:4)
  2 vampire mosquitoes (D:15)
  A soldier ant (D:15)
  6 water moccasins
  An acid dragon (D:13)
  3 sky beasts
  4 black bears
  3 orc warriors (Orc:2)
  An ice beast (D:11)
  7 wolves
  3 boggarts
  11 ogres
  A centaur (D:6)
  3 bullfrogs
  A gnoll sergeant (D:7)
  A wyvern skeleton (D:14)
  A water moccasin zombie (D:9)
  A killer bee (D:12)
  A wight (D:6)
  A howler monkey (D:6)
  An electric eel (D:9)
  A quasit (D:10)
  6 hounds
  A jelly (D:8)
  10 orc priests
  An iguana (D:9)
  4 orc wizards
  3 worker ants
  3 mummies (Ossuary)
  A hound skeleton (D:5)
  4 gnolls
  3 white imps
  An adder zombie (D:6)
  2 adder skeletons
  A leopard gecko (D:5)
  19 orcs
  2 hobgoblins (D:3)
  6 jackals
  7 kobolds (Bailey)
  An orc skeleton (Ossuary)
  4 rat skeletons (Ossuary)
  A butterfly (Lair:1)
352 creatures vanquished.

Vanquished Creatures (others)
  A ghost moth (Spider:4)
  An orb spider (Spider:4)
  A yaktaur (Vaults:2)
  A flying skull (Volcano)
  A human (D:14)
  3 orc wizards
  39 knights
  A gnoll (D:9)
  6 ancestors
  47 fungi
  80 plants
  2 withered plants (D:7)
183 creatures vanquished.

Grand Total: 1468 creatures vanquished

Notes
Turn   | Place    | Note
-------+----------+-------------------------------------------
     0 | D:1      | spiderkeys the Minotaur Gladiator began the quest for the
                  | Orb.
     0 | D:1      | Reached XP level 1. HP: 18/18 MP: 0/0
   151 | D:1      | Reached XP level 2. HP: 25/25 MP: 1/1
   170 | D:1      | Reached skill level 4 in Polearms
   950 | D:2      | Reached skill level 1 in Armour
   950 | D:2      | Reached XP level 3. HP: 22/30 MP: 2/2
  1641 | D:2      | Found a white marble altar of Elyvilon.
  1682 | D:2      | Reached XP level 4. HP: 38/38 MP: 3/3
  1807 | D:2      | Noticed Jessica
  1817 | D:2      | Killed Jessica
  1862 | D:2      | Found a shimmering altar of Xom.
  1864 | D:2      | Found a hazy altar of Hepliaklqana.
  1865 | D:2      | Found a bloodstained altar of Trog.
  1873 | D:2      | Found a basalt altar of Yredelemnul.
  1876 | D:2      | Found a stormy altar of Qazlal.
  1896 | D:2      | Became a worshipper of Hepliaklqana the Forgotten
  2148 | D:3      | Noticed Terence
  2167 | D:3      | Killed Terence
  2373 | D:3      | Reached XP level 5. HP: 40/40 MP: 4/4
  2386 | D:3      | Reached skill level 5 in Polearms
  2665 | D:3      | Found a faded altar of an unknown god.
  2792 | D:4      | Reached * piety under Hepliaklqana
  2823 | D:4      | Found a sand-covered staircase.
  2837 | Ossuary  | Entered an ossuary
  3055 | Ossuary  | Reached XP level 6. HP: 38/46 MP: 5/5
  3726 | D:4      | Noticed Grinder
  3743 | D:4      | Killed Grinder
  3744 | D:4      | Reached skill level 6 in Polearms
  3744 | D:4      | Reached XP level 7. HP: 54/54 MP: 6/6
  4198 | D:4      | Noticed Blork the orc
  4217 | D:4      | Killed Blork the orc
  4380 | D:4      | Reached skill level 7 in Polearms
  4380 | D:4      | Reached skill level 5 in Dodging
  4618 | D:5      | Entered Level 5 of the Dungeon
  4739 | D:5      | Found a staircase to the Ecumenical Temple.
  4800 | D:5      | Found a sacrificial altar of Ru.
  4803 | D:5      | Reached skill level 5 in Fighting
  4817 | D:5      | Reached XP level 8. HP: 54/61 MP: 7/7
  4945 | D:5      | Reached ** piety under Hepliaklqana
  4946 | D:5      | Remembered your ancestor Justiblander as a knight
  5199 | D:5      | Identified the +3 leather armour "Mioh" {rPois rF+}
  5299 | D:5      | Noticed Prince Ribbit
  5314 | D:5      | Reached skill level 8 in Polearms
  5326 | D:5      | Found a burning altar of Makhleb.
  5728 | D:5      | Killed Prince Ribbit
  5793 | D:6      | Reached skill level 5 in Armour
  5822 | D:6      | Reached skill level 5 in Throwing
  5826 | D:6      | Reached skill level 9 in Polearms
  5840 | D:6      | Reached XP level 9. HP: 39/67 MP: 8/8
  6433 | D:6      | Found Viq Doyd's Magic Scroll Emporium.
  6444 | D:6      | Bought a scroll of blinking for 105 gold pieces
  6822 | D:7      | Found an ancient bone altar of Kikubaaqudgha.
  6964 | D:7      | Found Pecs's Magic Scroll Boutique.
  7491 | D:7      | Noticed Harold
  7511 | D:7      | Killed Harold
  7512 | D:7      | Reached skill level 10 in Polearms
  8221 | D:8      | Noticed Maggie
  8222 | D:8      | Noticed Maggie
  8222 | D:8      | Maggie changed into Maggie the blink frog
  8236 | D:8      | Killed Maggie the blink frog
  8310 | D:8      | Noticed a two-headed ogre
  8320 | D:8      | Killed a two-headed ogre
  8321 | D:8      | Reached skill level 11 in Polearms
  8321 | D:8      | Reached XP level 10. HP: 79/79 MP: 9/9
  8367 | D:8      | Noticed a two-headed ogre
  8378 | D:8      | Killed a two-headed ogre
  8398 | D:8      | Reached *** piety under Hepliaklqana
  9146 | D:9      | Noticed Joseph
  9159 | D:9      | Killed Joseph
  9160 | D:9      | Reached skill level 12 in Polearms
  9252 | D:9      | Found an iron altar of Okawaru.
  9526 | D:9      | Found a radiant altar of Vehumet.
  9885 | D:9      | Reached **** piety under Hepliaklqana
  9942 | D:9      | Noticed a gargoyle
  9960 | D:9      | Killed a gargoyle
 10535 | D:9      | Reached XP level 11. HP: 68/87 MP: 10/10
 10954 | D:9      | Found an opulent altar of Gozag.
 10988 | D:9      | Found a glowing silver altar of Zin.
 11128 | D:9      | Found a staircase to the Orcish Mines.
 11257 | D:10     | Entered Level 10 of the Dungeon
 11257 | D:10     | Found a staircase to the Lair.
 11258 | D:10     | Noticed a two-headed ogre
 11262 | D:10     | Reached skill level 1 in Invocations
 11508 | D:9      | Killed a two-headed ogre
 11509 | D:9      | Reached skill level 13 in Polearms
 12621 | D:10     | Killed an unseen horror
 13342 | D:11     | Reached ***** piety under Hepliaklqana
 13445 | D:11     | Found a flagged portal.
 13454 | Bailey   | Entered a bailey
 13725 | Bailey   | Noticed an orc knight
 13731 | Bailey   | Killed an orc knight
 13742 | Bailey   | Noticed an orc knight
 13761 | Bailey   | Killed an orc knight
 13762 | Bailey   | Reached skill level 10 in Fighting
 13764 | Bailey   | Found an iron altar of Okawaru.
 14169 | D:11     | Identified the +4 trident of Wu Jian's Hope {venom, rPois
                  | rF+ Will++ Dex-4}
 14695 | D:12     | Reached skill level 14 in Polearms
 14726 | D:12     | Reached XP level 12. HP: 71/95 MP: 12/14
 14863 | D:12     | Identified the +1 fustibalus of Sharkskin {speed, rN++}
 15296 | Orc:1    | Entered Level 1 of the Orcish Mines
 15364 | Orc:1    | Reached skill level 10 in Armour
 15712 | Orc:1    | Reached skill level 1 in Slings
 15973 | Orc:1    | Noticed Snorg
 15996 | Orc:1    | Killed Snorg
 16379 | Orc:1    | Reached skill level 10 in Dodging
 16612 | Orc:2    | Entered Level 2 of the Orcish Mines
 16913 | Orc:2    | Noticed a two-headed ogre
 16913 | Orc:2    | Noticed a two-headed ogre
 16913 | Orc:2    | Noticed an ogre mage
 16913 | Orc:2    | Noticed a two-headed ogre
 16914 | Orc:2    | Noticed an ogre mage
 16914 | Orc:2    | Noticed an ogre mage
 16914 | Orc:2    | Noticed a two-headed ogre
 16915 | Orc:2    | Noticed an ogre mage
 16916 | Orc:2    | Noticed a two-headed ogre
 16917 | Orc:2    | Noticed a two-headed ogre
 16922 | Orc:2    | Killed a two-headed ogre
 16924 | Orc:2    | Noticed a two-headed ogre
 17328 | Orc:1    | Killed a two-headed ogre
 17670 | Orc:1    | Killed a two-headed ogre
 17712 | Orc:1    | Killed a two-headed ogre
 17852 | Orc:1    | Reached skill level 5 in Invocations
 18529 | Orc:1    | Killed a two-headed ogre
 18540 | Orc:1    | Killed an ogre mage
 18596 | Orc:1    | Killed an ogre mage
 18597 | Orc:1    | Reached skill level 15 in Polearms
 19009 | Orc:1    | Killed a two-headed ogre
 19113 | Orc:2    | Killed an ogre mage
 19117 | Orc:2    | Killed an ogre mage
 19438 | Orc:2    | Killed a two-headed ogre
 19439 | Orc:2    | Reached XP level 13. HP: 71/104 MP: 16/16
 19668 | Orc:2    | Found Venuagat's Book Shop.
 19669 | Orc:2    | Found Usorpheoh's Magic Scroll Shoppe.
 19669 | Orc:2    | Found Zateg's Antique Weapon Shop.
 19669 | Orc:2    | Found Feisint's Book Emporium.
 19852 | Orc:2    | Bought a scroll of magic mapping for 35 gold pieces
 19852 | Orc:2    | Bought a scroll of identify for 20 gold pieces
 19852 | Orc:2    | Bought a scroll of identify for 20 gold pieces
 19852 | Orc:2    | Bought a scroll of acquirement for 520 gold pieces
 19852 | Orc:2    | Bought a scroll of teleportation for 30 gold pieces
 19852 | Orc:2    | Bought a scroll of fear for 35 gold pieces
 19852 | Orc:2    | Bought a scroll of blinking for 75 gold pieces
 19852 | Orc:2    | Bought a scroll of fog for 20 gold pieces
 19852 | Orc:2    | Bought a scroll of identify for 20 gold pieces
 19852 | Orc:2    | Bought a scroll of teleportation for 30 gold pieces
 19852 | Orc:2    | Bought a scroll of blinking for 75 gold pieces
 19854 | Orc:2    | Acquired the amulet "Etakorphie" {Reflect rElec Int+3 Dex+3
                  | SH+5}
 19887 | Orc:2    | Found a staircase to the Elven Halls.
 21158 | Lair:1   | Entered Level 1 of the Lair of Beasts
 21158 | Lair:1   | Noticed Erica
 21168 | D:10     | Killed Erica
 21465 | Lair:1   | Reached skill level 5 in Slings
 21640 | Lair:1   | Found a shimmering blue altar of Sif Muna.
 21713 | Lair:1   | Noticed Gastronok
 21752 | Lair:1   | Killed Gastronok
 21753 | Lair:1   | Reached skill level 16 in Polearms
 22278 | Lair:1   | Noticed Nergalle
 22290 | Lair:1   | Killed Nergalle
 23967 | Lair:2   | Reached XP level 14. HP: 113/113 MP: 18/18
 24625 | D:12     | Found a hazy altar of Hepliaklqana.
 24633 | D:12     | Reached ****** piety under Hepliaklqana
 25685 | D:13     | Found a portal to a secret trove of treasure.
 27246 | D:14     | Noticed Kirke
 27259 | D:14     | Killed Kirke
 27270 | D:14     | Noticed Roxanne
 27296 | D:14     | Noticed Josephine
 27309 | D:14     | Killed Josephine
 27804 | D:14     | Found a gate to the Vaults.
 29671 | D:14     | Killed Roxanne
 29827 | D:15     | Entered Level 15 of the Dungeon
 30002 | D:15     | Found a blossoming altar of Fedhas.
 30178 | D:15     | Found a staircase to the Depths.
 32719 | Lair:3   | Reached XP level 15. HP: 112/122 MP: 20/20
 33085 | Lair:3   | Found a staircase to the Swamp.
 33726 | Swamp:1  | Entered Level 1 of the Swamp
 33881 | Lair:4   | Found a gate leading to a gauntlet.
 33890 | Gauntlet | Entered a Gauntlet
 33890 | Gauntlet | Found a transporter.
 33945 | Gauntlet | Found a transporter.
 33947 | Gauntlet | Found a transporter.
 33960 | Gauntlet | Found a runed translucent gate.
 33962 | Gauntlet | Found a runed translucent gate.
 33962 | Gauntlet | Found a transporter.
 33963 | Gauntlet | Found a runed translucent gate.
 33966 | Gauntlet | Found a transporter.
 33982 | Gauntlet | Found a transporter.
 33990 | Gauntlet | Found a transporter.
 34003 | Gauntlet | Found a transporter.
 34013 | Gauntlet | Found a transporter.
 34027 | Gauntlet | Found a transporter.
 34028 | Gauntlet | Found a transporter.
 34029 | Gauntlet | Found a transporter.
 34051 | Gauntlet | Found a transporter.
 34066 | Gauntlet | Found a transporter.
 34322 | Gauntlet | Reached skill level 17 in Polearms
 34344 | Gauntlet | Identified the +0 pair of gloves of Refuge {rF+ SInv}
 34583 | Gauntlet | Identified Kollywk's Handbook of Displacement and the
                  | Glacier
 35053 | Lair:4   | Found a hole to the Spider Nest.
 35714 | Lair:4   | Identified the +1 leather armour "Kewoul" {Rampage}
 35810 | Lair:5   | Noticed Rupert
 36302 | Lair:5   | Killed Rupert
 36332 | Lair:5   | Found a dark tunnel.
 36340 | Volcano  | Entered a volcano
 37329 | Lair:5   | Identified the +0 helmet of Riczatig {rC+ Will+ Str+2}
 37698 | Lair:5   | Reached skill level 10 in Invocations
 38151 | Lair:6   | Entered Level 6 of the Lair of Beasts
 38180 | Lair:6   | Reached skill level 18 in Polearms
 38352 | Lair:6   | Reached XP level 16. HP: 107/132 MP: 22/22
 38758 | Lair:6   | Found a viscous altar of Jiyva.
 38760 | Lair:6   | Found a staircase to the Slime Pits.
 38760 | Lair:6   | Noticed Nessos
 38765 | Lair:6   | Killed Nessos
 38766 | Lair:6   | Reached skill level 1 in Shields
 39742 | Lair:6   | Identified the Collected Works on Transmutation and
                  | Malediction
 40227 | Spider:1 | Entered Level 1 of the Spider Nest
 40320 | Spider:1 | Reached skill level 5 in Shields
 41268 | Spider:1 | Noticed Asterion
 41286 | Spider:1 | Killed Asterion
 41539 | Spider:1 | Reached skill level 19 in Polearms
 41837 | Spider:1 | Reached skill level 15 in Fighting
 42488 | Spider:2 | Reached skill level 15 in Armour
 43096 | Spider:2 | Identified the amulet "Biukhluca" {Acrobat +Inv Int-3
                  | Stlth+}
 43259 | Spider:3 | Reached XP level 17. HP: 100/140 MP: 23/23
 43694 | Spider:3 | Noticed Agnes
 43702 | Spider:3 | Killed Agnes
 43873 | Spider:3 | Noticed Donald
 43895 | Spider:3 | Killed Donald
 44428 | Spider:4 | Entered Level 4 of the Spider Nest
 44909 | Spider:4 | Noticed Arachne
 45503 | Spider:4 | Reached skill level 20 in Polearms
 46747 | Spider:4 | Killed Arachne
 47340 | Spider:4 | Got a gossamer rune of Zot
 48228 | Vaults:1 | Entered Level 1 of the Vaults
 48464 | Vaults:1 | Reached skill level 15 in Dodging
 48849 | Vaults:1 | Reached XP level 18. HP: 141/149 MP: 24/24
 50090 | Vaults:1 | Reached skill level 10 in Shields
 50517 | Vaults:1 | Noticed a tentacled monstrosity
 50537 | Vaults:1 | Killed a tentacled monstrosity
 52080 | Vaults:2 | Found a staircase to the Crypt.
 53515 | Vaults:2 | Noticed Mennas
 53794 | Vaults:2 | Reached XP level 19. HP: 127/159 MP: 25/25
 54699 | Vaults:2 | Noticed Aizul
 54720 | Vaults:2 | Killed Aizul
 56230 | Vaults:3 | HP: 2/161 [ironbound frostheart/frost (29)]
 56230 | Vaults:3 | Killed from afar by a deep elf death mage

Illustrated notes

Levels and vault maps discovered:
D:1:      amcnicky_arrival_flooded_fountain, layout_rooms, serial_forest,
          infiniplex_forest_end_3, infiniplex_forest_lined_1,
          infiniplex_forest_corner_2, infiniplex_forest_lined_2,
          infiniplex_forest_zigzag_2, infiniplex_forest_lined_room_3,
          minmay_tromino_v7
D:2:      layout_loops_cross, general_overflow_altar,
          minmay_overflow_temple_star_hex, chequers_serial_rivers_micro_d,
          fountainhead, uniq_jessica
D:3:      layout_rooms, chequers_ecumenical_altar_lobes, uniq_terence
D:4:      layout_loops_ring, nicolae_ossuary_entry_giza, serial_park_tiny_pond,
          grunt_ministairs_12, serial_park_tiny_2, fountainhead, uniq_grinder,
          uniq_blork_the_orc
D:5:      layout_cave_pods, makhleb_blood_cavern_becter, lemuel_round_altar,
          minmay_temple_entry_steel_oval, serial_park, uniq_prince_ribbit1
D:6:      layout_rooms, serial_shops, nicolae_shop_behind_doors
D:7:      layout_loops_ring, kiku_gazebo_garden_becter, serial_shops, shop,
          uniq_harold
D:8:      layout_basic, uniq_maggie
D:9:      layout_cave_pools, pdpol_temple_overflow_zin_treasury_gozag_greed,
          vehumet_crystals, erik_orc_2, basic_altar, serial_glass,
          glass_columns_a, glass_columns_a, glass_columns_a, glass_columns_c,
          glass_columns_a, glass_columns_b, glass_columns_b, glass_columns_c,
          glass_columns_a, glass_columns_a, uniq_joseph
D:10:     layout_irregular_city, minmay_lair_entry_grove, serial_rivers,
          chequers_serial_rivers_large_b, chequers_serial_rivers_small_b,
          chequers_serial_rivers_micro_c, chequers_serial_rivers_micro_d,
          chequers_serial_rivers_micro_c, chequers_serial_rivers_micro_b
D:11:     layout_big_octagon, enter_bailey_2
D:12:     layout_stronghold, serial_bayou, serial_bayou_pond_b,
          serial_bayou_pond_e, serial_bayou_lagoon_a, serial_bayou_crossing,
          basic_altar
D:13:     layout_irregular_city, enter_trove_3, kennysheep_another_room
D:14:     layout_loops_ring, lightli_vaults_fourway_checkpoint, minivault_11,
          uniq_josephine, uniq_kirke, uniq_roxanne
D:15:     gammafunk_depths_entry_grave, layout_basic, fedhas_altar_1,
          hangedman_abyss_or_decor_slice
Lair:1:   wad_woods_stonehenge, layout_cellular_growth, lemuel_fruit_fields,
          grunt_megastairs_2, minmay_lair_oklob_chamber, uniq_erica,
          uniq_nergalle, uniq_gastronok
Lair:2:   beast_lair_carwin_large_1, layout_cellular_growth,
          grunt_forest_stairs_clearing, infiniplex_staircase_pool_2
Lair:3:   layout_cave_pods, swamp_mist
Lair:4:   cheibrodos_lair_river_kwai, layout_long_grid,
          nicolae_spider_entry_tight_spaces, gauntlet_entry_generic,
          cheibrodos_lair_caveside_slide, grunt_megastairs_5
Lair:5:   layout_loops_ring, lightli_volcano_entry_magma_tube,
          chequers_serial_rivers_large_a, cheibrodos_lair_lostbears, uniq_rupert
Lair:6:   minmay_lair_end_enchanted_forest, layout_regular_city, slime_altar_1,
          chequers_serial_rivers_micro_e, uniq_nessos
Swamp:1:  layout_falls_marsh, nicolae_swamp_oxbows
Spider:1: layout_spider_delve, uniq_asterion
Spider:2: layout_spider_delve, nicolae_spider_cling_ruins
Spider:3: layout_spider_delve, spiders_nest_hornet_nest, uniq_donald, uniq_agnes
Spider:4: johnstein_spider_rune_arachne_lair
Orc:1:    layout_diamond_mine, uniq_snorg
Orc:2:    st_orc_ogre_mass, layout_caves, basic_altar, minmay_orc_temple_c
Vaults:1: v_pattern_4, v_misc_5, vaults_room_grunt_arrival_checkpoint,
          v_misc_29, dpeg_vaults_monster_row, v_misc_4,
          vaults_room_stairs_pillars, serial_ice_b, vaults_room_door_ring,
          vaults_room_semicircle, nicolae_vaults_diagonal_hallway_9,
          layout_vaults_omnigrid
Vaults:2: v_alt_pattern_4, vaults_dpeg_diagonal, minmay_crypt_entry_simple_box,
          dpeg_vaults_monster_box, vaults_room_large_hall,
          nicolae_vaults_network_star, v_pattern_1, nicolae_vaults_what_the_h,
          nicolae_vaults_big_ls, nicolae_vaults_windows_and_doors_thing,
          vaults_room_door_ring, nicolae_vaults_little_squares_4,
          layout_vaults_ring, uniq_mennas, uniq_aizul
Vaults:3: ontoclasm_vaults_idyll, dpeg_vaults_waves,
          nicolae_vaults_diagonal_hallway_7, vaults_mumra_chevron,
          nicolae_vaults_ninety_degrees, nicolae_vaults_little_ls, v_misc_17,
          vaults_room_large_hall, ontoclasm_vaults_ring_small,
          nicolae_vaults_three_branches, ontoclasm_vaults_shuriken, v_rooms_1,
          grunt_vaults_diagonal, vaults_mumra_lcd, vaults_standard_mumra_lines,
          vaults_dpeg_hooks, layout_vaults_maze

Skill      XL: |  1  2  3  4  5  6  7  8  9 10 11 12 13 14 15 16 17 18 19 |
---------------+----------------------------------------------------------+-----
Polearms       | 4 5 6 7 9 11 12 14 15 16 18 19 20 | 20.0
Armour         | 1 2 3 4 5 7 8 9 10 12 13 14 15 16 17 | 17.9
Fighting       | 3 4 5 6 7 9 10 11 12 13 14 15 16 17 18 | 18.0
Dodging        | 4 5 6 7 8 9 10 11 12 13 14 15 16 | 16.7
Throwing       | 3 4 5 |  5.0
Invocations    | 4 5 7 8 10 | 10.0
Slings         | 4 6 7 |  7.1
Shields        | 6 9 11 12 | 12.6

Action                   |  1- 3 |  4- 6 |  7- 9 | 10-12 | 13-15 | 16-18 | 19-21 || total
-------------------------+-------+-------+-------+-------+-------+-------+-------++-------
Melee: Trident           |   100 |   175 |   301 |   282 |  1533 |  1615 |   299 ||  4305
       Headbutt          |     5 |    25 |    52 |   100 |   294 |   397 |    69 ||   942
       Unarmed           |       |       |     2 |       |       |       |       ||     2
       Halberd           |       |       |       |   293 |       |       |       ||   293
 Fire: Fustibalus        |       |       |       |       |     5 |    11 |       ||    16
Throw: Throwing net      |     1 |       |       |       |       |       |       ||     1
       Stone             |     3 |     5 |       |       |       |       |       ||     8
       Javelin           |       |       |     4 |     5 |     4 |    14 |     3 ||    30
       Dart              |       |       |     1 |    19 |       |       |       ||    20
       Boomerang         |       |       |       |    35 |     1 |     2 |       ||    38
Invok: Ancestor Identity |       |     1 |       |       |       |       |       ||     1
       Recall Ancestor   |       |     1 |     2 |     5 |     6 |     1 |     4 ||    19
       Ancestor Life: Kn |       |       |     1 |       |       |       |       ||     1
       Transference      |       |       |       |     2 |       |       |       ||     2
       Idealise          |       |       |       |       |       |     3 |       ||     3
Evoke: Wand              |       |       |     1 |       |       |     1 |       ||     2
  Use: Scroll            |       |     3 |     1 |    22 |    14 |    12 |     4 ||    56
       Potion            |       |       |     2 |     1 |     3 |    11 |     1 ||    18
 Stab: Sleeping          |     2 |       |       |       |       |       |       ||     2
       Distracted        |       |     2 |     3 |     5 |    18 |    21 |     3 ||    52
Armor: Ring mail         |    18 |       |       |       |       |       |       ||    18
       Leather armour    |    11 |     3 |       |       |       |       |       ||    14
       Chain mail        |       |    22 |    87 |   234 |   298 |   685 |       ||  1326
       Plate armour      |       |       |       |       |       |    47 |    60 ||   107
Dodge: Dodged            |    36 |    24 |    71 |   305 |   354 |   600 |    56 ||  1446
Block: Other             |       |       |       |       |   142 |       |       ||   142
       Reflection        |       |       |       |       |     2 |    42 |    13 ||    57
       Kite shield       |       |       |       |       |       |   907 |   154 ||  1061
       Buckler           |       |       |       |       |       |   121 |       ||   121

Table legend: (Time is in decaauts)
 A = Elapsed time spent in this place.
 B = Non-inter-level travel time spent in this place.
 C = Inter-level travel time spent in this place.
 D = Time resting spent in this place.
 E = Time spent auto-exploring this place.
 F = Levels seen in this place.
 G = Mean time per level.
                   A        B        C        D        E       F      G
               +--------+--------+--------+--------+--------+-----+--------+
         Total |  55830 |  52857 |   2973 |  12440 |  31472 |  35 | 1595.1 |
       Dungeon |  22970 |  21446 |   1524 |   6140 |  12085 |  15 | 1531.3 |
          Lair |   9311 |   8564 |    747 |    769 |   6500 |   6 | 1551.8 |
         Swamp |      1 |      1 |      0 |      0 |      0 |   1 |    1.0 |
   Spider Nest |   7751 |   7600 |    151 |   1616 |   4815 |   4 | 1937.8 |
  Orcish Mines |   5201 |   4875 |    326 |   1427 |   2436 |   2 | 2600.5 |
        Vaults |   7648 |   7425 |    223 |   1714 |   4339 |   3 | 2549.3 |
       Ossuary |    802 |    802 |      0 |      0 |    599 |   1 |  802.0 |
        Bailey |    426 |    426 |      0 |    246 |     47 |   1 |  426.0 |
       Volcano |    783 |    783 |      0 |    112 |    435 |   1 |  783.0 |
      Gauntlet |    933 |    933 |      0 |    416 |    214 |   1 |  933.0 |
               +--------+--------+--------+--------+--------+-----+--------+

Top non-repeatable levels by time:
Vaults:1: 3929 daAuts
    D:14: 3802 daAuts
     D:9: 3336 daAuts
   Orc:1: 3321 daAuts
Vaults:2: 3303 daAuts
Spider:4: 2624 daAuts
Spider:1: 2369 daAuts
Spider:3: 2123 daAuts
  Lair:2: 1924 daAuts
    D:13: 1896 daAuts
   Orc:2: 1879 daAuts
    D:10: 1807 daAuts
  Lair:6: 1741 daAuts
  Lair:4: 1707 daAuts
     D:5: 1504 daAuts
